 Dungeon Crawl Stone Soup version 0.30-a0-389-g8d7d949f56 (webtiles) character file.

Game seed: 18200311151543635949

1906 bande the Chopper (level 9, 0/55 HPs)
             Began as a Gargoyle Fighter on Dec 4, 2022.
             Was a Believer of Okawaru.
             Slain by a troll (13 damage)
             ... on level 5 of the Dungeon.
             The game lasted 00:10:53 (5011 turns).

bande the Chopper (Gargoyle Fighter)                Turns: 5011, Time: 00:10:54

Health: 0/55       AC: 17    Str: 20    XL:     9   Next: 16%
Magic:  11/11      EV: 15    Int:  9    God:    Okawaru [**....]
Gold:   276        SH:  5    Dex: 13    Spells: 8/8 levels left

rFire   . . .      SeeInvis .    a - +0 war axe
rCold   . . .      Faith    .    c - +0 buckler
rNeg    + . .      Spirit   .    q - +0 chain mail
rPois   ∞          Reflect  .    l - +0 helmet
rElec   +          Harm     .    (no cloak)
rCorr   .          Rampage  .    (no gloves)
Will    .....                    (no boots)
Stlth   ..........               (no amulet)
HPRegen 0.29/turn                g - +4 ring of evasion
MPRegen 0.12/turn                f - +4 ring of evasion

@: no status effects
A: sickness immunity, AC +6, negative energy resistance 1, electricity
resistance, torment resistance 1, petrification resistance
a: Renounce Religion, Heroism


You were on level 5 of the Dungeon.
You worshipped Okawaru.
Okawaru was pleased with you.
You visited 2 branches of the dungeon, and saw 6 of its levels.

You collected 276 gold pieces.

Inventory:

Hand Weapons
 a - a +0 war axe (weapon)
 o - a +0 war axe
 p - a +0 flail
Missiles
 v - a throwing net (quivered)
Armour
 c - a +0 buckler (worn)
 l - a +0 helmet (worn)
 q - a +0 chain mail (worn)
Jewellery
 f - a +4 ring of evasion (right hand)
 g - a +4 ring of evasion (left hand)
 s - a ring of positive energy
 t - a ring of wizardry
Wands
 b - a wand of light (7)
Scrolls
 h - a scroll of identify
 j - 2 scrolls of teleportation
 m - 2 scrolls of enchant armour
 u - a scroll of magic mapping
Potions
 d - 2 potions of might
 e - 2 potions of curing
 n - a potion of flight
 r - 2 potions of invisibility


   Skills:
 + Level 5.6 Fighting
 + Level 7.4 Axes
 + Level 5.5 Armour
 + Level 4.6 Shields
 * Level 3.8 Invocations
 * Level 3.1 Evocations


You had 8 spell levels left.
You didn't know any spells.
Your spell library contained the following spells:

 Spells                   Type           Power      Damage    Failure   Level
 Freeze                   Ice            0%         1d3       99%         1
 Frozen Ramparts          Ice            0%         1d1       100%        3
 Hailstorm                Conj/Ice       0%         3d3       100%        3
 Passage of Golubria      Tloc           0%         N/A       100%        4
 Yara's Violent Unravell  Hex/Tmut       0%         3d3       100%        5
 Tukima's Dance           Hex            Unusable   N/A       N/A         3
 Animate Dead             Necr           Unusable   N/A       N/A         4
 Haunt                    Necr/Summ      Unusable   N/A       N/A         7
 Infestation              Necr           Unusable   N/A       N/A         8

Dungeon Overview and Level Annotations

Branches:
Dungeon (5/15)             Temple (1/1) D:4

Altars:
Ashenzari
Cheibriados
Dithmenos
Elyvilon
Fedhas
Gozag
Hepliaklqana
Kikubaaqudgha
Makhleb
Okawaru
Ru
Sif Muna
Trog
Vehumet
Xom
Yredelemnul
Zin


Innate Abilities, Weirdness & Mutations

You are immune to sickness and miasma.
Your stone body is resilient. (AC +6)
You are immune to poison.
You resist negative energy. (rN+)
You are resistant to electric shocks. (rElec)
You are resistant to unholy torment.
You are immune to petrification.


Message History

You hit the troll.
The troll is heavily wounded.
The troll misses you. The troll claws you but does no damage.
The troll claws you.
You hit the troll but do no damage.
The troll is heavily wounded.
The troll bites you!
* * * LOW HITPOINT WARNING * * *
The troll claws you but does no damage. x2
You slash the troll!
The troll is severely wounded.
The troll barely misses you.
The troll claws you but does no damage. x2
You hit the troll.
The troll is almost dead.
The troll bites you but does no damage. The troll claws you but does no damage.
The troll misses you.
You hit the troll.
The troll is almost dead.
The troll barely misses you. You block the troll's attack.
The troll closely misses you.
You barely miss the troll.
The troll is almost dead.
You block the troll's attack. The troll claws you.
* * * LOW HITPOINT WARNING * * *
The troll claws you.
* * * LOW HITPOINT WARNING * * *
You hit the troll.
The troll is almost dead.
The troll bites you.
* * * LOW HITPOINT WARNING * * *
The troll barely misses you. You block the troll's attack.
The troll bites you but does no damage. The troll closely misses you.
The troll claws you but does no damage.
You hit the troll but do no damage.
The troll is almost dead.
The troll completely misses you. The troll closely misses you. x2
You barely miss the troll.
The troll is severely wounded.
The troll bites you!
You die...

##...............##.########.....
##.#..#.###......##.# ######
##....#.# #....)..#)#
........###.....#.#.######
.............>...........#
###....####..#.#.##.####.#
.#.....'..####...#######.#
.#.....##.##)#####....##.#
.#.....##.##+#..@†.##.##.#
.#.)...##.#..#.#T#.##.##.#
.#.....##.#..'...#..).##.#
.#.....##.###########'##.#
........#.#......#.....#.#
#..#......#.#..#.#.#.#.#.#
##.#.##.###..##..#..#..#.#
#...##.# #..##..#.#.#!#.#
####..#.###.#..#.).....#.##


You could see a troll.

Vanquished Creatures
  Pikel (D:5)
  Grinder (D:3)
  A water moccasin (D:5)
  An ice beast (D:5)
  3 ogres (D:5)
  4 lemures (D:5)
  A necrophage (D:5)
  4 scorpions (D:5)
  A hound (D:4)
  A jelly (D:5)
  An orc priest (D:3)
  4 iguanas (D:5)
  An orc wizard (D:5)
  Robin (D:3)
  8 gnolls
  7 adders
  5 worms
  2 dart slugs
  15 orcs
  3 ball pythons
  7 bats
  6 endoplasms
  2 giant cockroaches
  16 goblins
  16 hobgoblins
  2 jackals (D:1)
  A quokka (D:3)
  2 frilled lizards
  5 kobolds
  7 rats
129 creatures vanquished.

Notes
Turn   | Place    | Note
-------+----------+-------------------------------------------
     0 | D:1      | bande the Gargoyle Fighter began the quest for the Orb.
     0 | D:1      | Reached XP level 1. HP: 14/14 MP: 1/1
   166 | D:1      | Reached XP level 2. HP: 19/19 MP: 2/2
   360 | D:1      | Reached skill level 2 in Axes
   581 | D:1      | Reached XP level 3. HP: 24/24 MP: 3/3
   614 | D:1      | Found a faded altar of an unknown god.
  1365 | D:2      | You fall into a shaft and drop 2 floors!
  1365 | D:4      | Found a broken altar of Ashenzari.
  1374 | D:3      | Noticed Robin
  1387 | D:3      | Killed Robin
  1388 | D:3      | Reached XP level 4. HP: 29/29 MP: 4/4
  1400 | D:3      | Reached skill level 3 in Axes
  1567 | D:3      | Reached XP level 5. HP: 18/33 MP: 5/5
  1651 | D:3      | Noticed Grinder
  1656 | D:3      | Paralysed by Grinder for 3 turns
  1663 | D:3      | Paralysed by Grinder for 2 turns
  1667 | D:3      | Paralysed by Grinder for 2 turns
  1680 | D:3      | Paralysed by Grinder for 5 turns
  1689 | D:3      | Killed Grinder
  1690 | D:3      | Reached skill level 4 in Axes
  1690 | D:3      | Reached XP level 6. HP: 28/39 MP: 6/6
  1985 | D:2      | HP: 2/58 [gnoll/+0 spear (1)]
  3013 | D:3      | Reached skill level 5 in Axes
  3274 | D:4      | Reached XP level 7. HP: 44/44 MP: 7/7
  3411 | D:4      | Found a staircase to the Ecumenical Temple.
  3429 | Temple   | Entered the Ecumenical Temple
  3648 | D:4      | Found an iron altar of Okawaru.
  3659 | D:4      | Became a worshipper of Warmaster Okawaru
  3908 | D:5      | Entered Level 5 of the Dungeon
  3974 | D:5      | Reached skill level 1 in Invocations
  3974 | D:5      | Reached skill level 1 in Evocations
  4389 | D:5      | Reached * piety under Okawaru
  4398 | D:5      | Noticed Pikel
  4425 | D:5      | Killed Pikel
  4425 | D:5      | Reached ** piety under Okawaru
  4426 | D:5      | Reached skill level 5 in Fighting
  4426 | D:5      | Reached skill level 6 in Axes
  4426 | D:5      | Reached XP level 8. HP: 28/49 MP: 8/10
  4534 | D:5      | Reached skill level 5 in Armour
  4841 | D:5      | Noticed a troll
  4862 | D:5      | Reached skill level 7 in Axes
  4926 | D:5      | Reached XP level 9. HP: 41/54 MP: 11/11
  5011 | D:5      | Slain by a troll

Illustrated notes

Levels and vault maps discovered:
D:1:      roderic_crossed_star, layout_loops_corners,
          dreamdust_ecumenical_altar_hidden_monk_grotto
D:2:      layout_basic, minmay_misc_feat_doors, minivault_24
D:3:      layout_basic, serial_curves, eino_curves_01, eino_curves_03,
          uniq_robin, uniq_grinder
D:4:      layout_rooms, mainiacjoe_overflow_six_doors_small,
          evilmike_ruin_ashenzari, minmay_temple_entry_slanted,
          hex_intersection, kennysheep_generic_room_14
D:5:      minmay_clustersquares, layout_basic, grunt_ministairs_12,
          kennysheep_decorative_pillar, minmay_fractal_squares_diagonal_5,
          uniq_pikel
Temple:   bh_familiar_temple

Skill      XL: |  1  2  3  4  5  6  7  8  9 |
---------------+----------------------------+-----
Axes           | 2 3 4 5 6 7 |  7.4
Fighting       | 4 5 |  5.6
Armour         | 4 5 |  5.5
Shields        | 4 |  4.6
Invocations    | 3 |  3.8
Evocations     | 2 3 |  3.1

Action                   |  1- 3 |  4- 6 |  7- 9 || total
-------------------------+-------+-------+-------++-------
Melee: War axe           |   112 |   133 |   228 ||   473
  Use: Scroll            |       |     5 |     6 ||    11
       Potion            |       |     3 |     1 ||     4
Armor: Scale mail        |    74 |    32 |       ||   106
       Skin              |       |    13 |       ||    13
       Chain mail        |       |     7 |   110 ||   117
Dodge: Dodged            |    72 |    81 |   199 ||   352
Block: Buckler           |    35 |    30 |    49 ||   114

Table legend: (Time is in decaauts)
 A = Elapsed time spent in this place.
 B = Non-inter-level travel time spent in this place.
 C = Inter-level travel time spent in this place.
 D = Time resting spent in this place.
 E = Time spent auto-exploring this place.
 F = Levels seen in this place.
 G = Mean time per level.
                   A        B        C        D        E       F      G
               +--------+--------+--------+--------+--------+-----+--------+
         Total |   5158 |   5000 |    158 |    400 |   3458 |   6 |  859.7 |
       Dungeon |   4959 |   4801 |    158 |    400 |   3299 |   5 |  991.8 |
        Temple |    199 |    199 |      0 |      0 |    159 |   1 |  199.0 |
               +--------+--------+--------+--------+--------+-----+--------+

Top non-repeatable levels by time:
     D:3: 1350 daAuts
     D:5: 1146 daAuts
     D:1: 1000 daAuts
     D:2: 958 daAuts
     D:4: 503 daAuts
  Temple: 199 daAuts
